PIO (24 & UNDER)
JASPER COUGARS @ SURREY SINNERS
09/22/2026
 
TOP OF THE 1ST
Jasper Cougars batting - Pitching for Surrey Sinners : RHP Juan Zumaya
Pitching: RHP Juan Zumaya
Batting: SHB Rafael Acosta 0-0: Foul Ball, location: 2F
0-1: Ball
1-1: Swinging Strike
1-2: Strikes out swinging
Batting: RHB José Ortega 0-0: SINGLE (Line Drive, 89S)
Batting: RHB David Hernández 0-0: Ball
1-0: Called Strike
1-1: Foul Ball, location: 2F
1-2: Foul Ball, location: 2F
1-2: SINGLE (Groundball, 5L)
José Ortega to second
Batting: SHB Ron Edwards 0-0: Ball
1-0: Ball
2-0: Ball
3-0: Swinging Strike
3-1: Base on Balls
José Ortega to third
David Hernández to second
Batting: RHB George Reeves 0-0: Foul Ball, location: 2F
0-1: Foul Ball, location: 2F
0-2: Foul Ball, location: 2F
0-2: Strikes out looking
Batting: LHB Jon Rogers 0-0: Called Strike
0-1: Ball
1-1: Ball
2-1: Ball
3-1: SINGLE (Groundball, 6MD) (infield hit)
José Ortega scores
David Hernández to third
Ron Edwards to second
Batting: LHB David Adams 0-0: Ball
1-0: Foul Ball, location: 2F
1-1: Ball
2-1: SINGLE (Groundball, 6MD)
David Hernández scores
Ron Edwards to third
Jon Rogers to second
Runner from 3rd tries for Home, SAFE, no throw or cutoff
Batting: RHB José Maldonado 0-0: Ball
Throwing error on steal attempt, E2
Jon Rogers scores
David Adams to third
1-0: Called Strike
1-1: Foul Ball, location: 2F
1-2: Fly out, F4 (Popup, 3)
Top of the 1st over - 4 run(s), 4 hit(s), 1 error(s), 1 left on base; Jasper 4 - Surrey 0
BOTTOM OF THE 1ST
Surrey Sinners batting - Pitching for Jasper Cougars : LHP Jon Vaughn
Pitching: LHP Jon Vaughn
Batting: RHB Ramón Molina 0-0: Ball
1-0: Foul Ball, location: 2F
1-1: Swinging Strike
1-2: SINGLE (Line Drive, 9LS)
Batting: RHB Jesús Lara 0-0: Ball
1-0: Called Strike
1-1: Ball
2-1: Foul Ball, location: 2F
2-2: Ball
3-2: Ground out 5-3 (Groundball, 15S)
Ramón Molina to second
Batting: RHB Daniel Santiago 0-0: Ball
1-0: Foul Ball, location: 2F
1-1: Called Strike
1-2: Foul Ball, location: 2F
1-2: Strikes out swinging
Batting: RHB Augusto Trevino 0-0: Called Strike
0-1: Swinging Strike
0-2: Ball
1-2: Ball
2-2: Ball
3-2: Ground out 2-3 (Groundball, 25)
Bottom of the 1st over - 0 run(s), 1 hit(s), 0 error(s), 1 left on base; Jasper 4 - Surrey 0
TOP OF THE 2ND
Jasper Cougars batting - Pitching for Surrey Sinners : RHP Juan Zumaya
Batting: LHB John Stone 0-0: Called Strike
0-1: Ball
1-1: Ball
2-1: Foul Ball, location: 2F
2-2: Ball
3-2: Foul Ball, location: 2F
3-2: Foul Ball, location: 2F
3-2: Base on Balls
Batting: SHB Rafael Acosta 0-0: Called Strike
John Stone is caught stealing 2nd base
0-1: SINGLE (Flyball, 8LS)
Batting: RHB José Ortega 0-0: Swinging Strike
0-1: Ball
1-1: Called Strike
1-2: Strikes out looking
Batting: RHB David Hernández 0-0: Called Strike
0-1: Ball
1-1: Ball
2-1: SINGLE (Flyball, 9LM)
Rafael Acosta to second
Runner from 2nd tries for 3rd, SAFE, throw made to third
Batting: SHB Ron Edwards 0-0: Called Strike
0-1: Swinging Strike
0-2: Ball
1-2: Ball
2-2: Strikes out swinging
Top of the 2nd over - 0 run(s), 2 hit(s), 0 error(s), 2 left on base; Jasper 4 - Surrey 0
BOTTOM OF THE 2ND
Surrey Sinners batting - Pitching for Jasper Cougars : LHP Jon Vaughn
Batting: RHB Clint Younger 0-0: Called Strike
0-1: Swinging Strike
0-2: Ball
1-2: Foul Ball, location: 2F
1-2: Foul Ball, location: 2F
1-2: Ball
2-2: SOLO HOME RUN (Flyball, 7LD), Distance : 361 ft
Batting: RHB Cooper Richard 0-0: Ball
1-0: Called Strike
1-1: Ball
2-1: Called Strike
2-2: Foul Ball, location: 2F
2-2: Foul Ball, location: 2F
2-2: Foul Ball, location: 2F
2-2: Strikes out swinging
Batting: LHB Buddy Rice 0-0: Fly out, F8 (Flyball, 8LM)
Batting: RHB Félix Castro 0-0: Called Strike
0-1: Swinging Strike
0-2: Strikes out looking
Bottom of the 2nd over - 1 run(s), 1 hit(s), 0 error(s), 0 left on base; Jasper 4 - Surrey 1
TOP OF THE 3RD
Jasper Cougars batting - Pitching for Surrey Sinners : RHP Juan Zumaya
Batting: RHB George Reeves 0-0: Called Strike
0-1: Ball
1-1: Ball
2-1: SINGLE (Line Drive, 5D)
Batting: LHB Jon Rogers 0-0: Called Strike
0-1: Called Strike
0-2: Ball
1-2: Foul Ball, location: 2F
1-2: Ball
2-2: Ball
3-2: Foul Ball, location: 2F
3-2: Base on Balls
George Reeves to second
Batting: LHB David Adams 0-0: SINGLE (Groundball, 6MD)
George Reeves to third
Jon Rogers to second
Batting: RHB José Maldonado 0-0: Fly out, F3 (Popup, 3F)
Batting: LHB John Stone 0-0: Ball
1-0: Fielders Choice at 2nd, 5-4 (Groundball, 5)
George Reeves scores
Jon Rogers to third
Batting: SHB Rafael Acosta 0-0: DOUBLE (Line Drive, 7LM)
Jon Rogers scores
John Stone to third
Runner from 3rd tries for Home, SAFE, no throw or cutoff
Batting: RHB José Ortega 0-0: Called Strike
0-1: Ball
1-1: Called Strike
1-2: Ball
2-2: 2-RUN HOME RUN (Line Drive, 7D), Distance : 378 ft
Pitching: LHP Sebastián Cervantes
Batting: RHB David Hernández 0-0: Swinging Strike
0-1: Swinging Strike
0-2: Ball
1-2: Foul Ball, location: 2F
1-2: SINGLE (Groundball, 56D)
Batting: SHB Ron Edwards 0-0: Called Strike
0-1: Ball
1-1: Ball
2-1: Ball
3-1: Swinging Strike
3-2: Strikes out swinging
Top of the 3rd over - 5 run(s), 5 hit(s), 0 error(s), 1 left on base; Jasper 9 - Surrey 1
BOTTOM OF THE 3RD
Surrey Sinners batting - Pitching for Jasper Cougars : LHP Jon Vaughn
Batting: RHB Shawn Gutiérrez 0-0: Ball
1-0: Ball
2-0: Ball
3-0: Base on Balls
Batting: RHB Ramón Molina 0-0: Foul Ball, location: 2F
0-1: Foul Ball, location: 2F
0-2: SINGLE (Groundball, 4MD)
Shawn Gutiérrez to second
Batting: RHB Jesús Lara 0-0: Called Strike
0-1: Called Strike
0-2: Foul Ball, location: 2F
0-2: Ball
1-2: Ball
2-2: Strikes out looking
Batting: RHB Daniel Santiago 0-0: Ball
1-0: Ball
2-0: SINGLE (Line Drive, 7S)
Shawn Gutiérrez to third
Ramón Molina to second
Batting: RHB Augusto Trevino 0-0: Ball
1-0: Ball
2-0: Ball
3-0: Called Strike
3-1: Base on Balls
Shawn Gutiérrez scores
Ramón Molina to third
Daniel Santiago to second
Batting: RHB Clint Younger 0-0: Swinging Strike
0-1: Called Strike
0-2: Foul Ball, location: 2F
0-2: Ball
1-2: Ball
2-2: Foul Ball, location: 2F
2-2: Strikes out swinging
Batting: RHB Cooper Richard 0-0: Fly out, F9 (Flyball, 89S)
Bottom of the 3rd over - 1 run(s), 2 hit(s), 0 error(s), 3 left on base; Jasper 9 - Surrey 2
TOP OF THE 4TH
Jasper Cougars batting - Pitching for Surrey Sinners : LHP Sebastián Cervantes
Batting: RHB George Reeves 0-0: Ball
1-0: Called Strike
1-1: Ball
2-1: SINGLE (Groundball, 6M)
Batting: LHB Jon Rogers 0-0: Foul Ball, location: 2F
0-1: Ball
1-1: Foul Ball, location: 2F
1-2: Ball
2-2: Ball
3-2: Strikes out swinging
Batting: LHB David Adams 0-0: Foul Ball, location: 2F
0-1: Foul Ball, location: 2F
0-2: Ball
1-2: Foul Ball, location: 2F
1-2: Strikes out swinging
Batting: RHB José Maldonado 0-0: Ball
George Reeves steals 2nd base
1-0: Foul Ball, location: 2F
1-1: Foul Ball, location: 2F
1-2: Foul Ball, location: 2F
1-2: Ball
2-2: Ground out 5-3 (Groundball, 6)
Top of the 4th over - 0 run(s), 1 hit(s), 0 error(s), 1 left on base; Jasper 9 - Surrey 2
BOTTOM OF THE 4TH
Surrey Sinners batting - Pitching for Jasper Cougars : LHP Jon Vaughn
Batting: LHB Buddy Rice 0-0: Foul Ball, location: 2F
0-1: Swinging Strike
0-2: Strikes out swinging
Batting: RHB Félix Castro 0-0: Ball
1-0: Called Strike
1-1: Swinging Strike
1-2: Ball
2-2: Ball
3-2: Strikes out swinging
Batting: RHB Shawn Gutiérrez 0-0: Ball
1-0: SINGLE (Groundball, 5)
Pitching: RHP António Peña
Batting: RHB Ramón Molina 0-0: Foul Ball, location: 2F
0-1: Called Strike
0-2: Strikes out looking
Bottom of the 4th over - 0 run(s), 1 hit(s), 0 error(s), 1 left on base; Jasper 9 - Surrey 2
TOP OF THE 5TH
Jasper Cougars batting - Pitching for Surrey Sinners : LHP Sebastián Cervantes
Batting: LHB John Stone 0-0: Ball
1-0: Fly out, F7 (Flyball, 7M)
Batting: SHB Rafael Acosta 0-0: Ground out 1-3 (Groundball, 15)
Batting: RHB José Ortega 0-0: Foul Ball, location: 2F
0-1: Ball
1-1: Foul Ball, location: 2F
1-2: Strikes out looking
Top of the 5th over - 0 run(s), 0 hit(s), 0 error(s), 0 left on base; Jasper 9 - Surrey 2
BOTTOM OF THE 5TH
Surrey Sinners batting - Pitching for Jasper Cougars : RHP António Peña
Batting: RHB Jesús Lara 0-0: Ball
1-0: Ball
2-0: Foul Ball, location: 2F
2-1: Swinging Strike
2-2: Foul Ball, location: 2F
2-2: Strikes out swinging
Batting: RHB Daniel Santiago 0-0: Foul Ball, location: 2F
0-1: Swinging Strike
0-2: Strikes out swinging
Batting: RHB Augusto Trevino 0-0: Ball
1-0: SOLO HOME RUN (Flyball, 78XD), Distance : 411 ft
Batting: RHB Clint Younger 0-0: Called Strike
0-1: Foul Ball, location: 2F
0-2: Ball
1-2: Strikes out swinging
Bottom of the 5th over - 1 run(s), 1 hit(s), 0 error(s), 0 left on base; Jasper 9 - Surrey 3
TOP OF THE 6TH
Jasper Cougars batting - Pitching for Surrey Sinners : LHP Sebastián Cervantes
Batting: RHB David Hernández 0-0: Fly out, F8 (Flyball, 8RXD)
Batting: SHB Ron Edwards 0-0: Called Strike
0-1: Ball
1-1: Ball
2-1: Foul Ball, location: 2F
2-2: Foul Ball, location: 2F
2-2: Foul Ball, location: 2F
2-2: Ball
3-2: Base on Balls
Batting: RHB George Reeves 0-0: Fly out, F8 (Flyball, 8LM)
Batting: LHB Jon Rogers 0-0: Ball
1-0: Ball
2-0: Ball
3-0: Called Strike
3-1: Foul Ball, location: 2F
3-2: Base on Balls
Ron Edwards to second
Batting: LHB David Adams 0-0: Called Strike
0-1: Ball
1-1: Ball
2-1: Foul Ball, location: 2F
2-2: Ground out 4-3 (Groundball, 4)
Top of the 6th over - 0 run(s), 0 hit(s), 0 error(s), 2 left on base; Jasper 9 - Surrey 3
BOTTOM OF THE 6TH
Surrey Sinners batting - Pitching for Jasper Cougars : RHP António Peña
Batting: RHB Cooper Richard 0-0: Called Strike
0-1: Ball
1-1: Foul Ball, location: 2F
1-2: Fly out, F8 (Flyball, 8LXD)
Batting: LHB Buddy Rice 0-0: Foul Ball, location: 2F
0-1: Ball
1-1: Ball
2-1: Reached on error, E5 (Groundball, 5L)
Batting: RHB Félix Castro 0-0: Hit by Pitch
Buddy Rice to second
Batting: RHB Shawn Gutiérrez 0-0: Ball
1-0: Called Strike
1-1: Ball
2-1: Swinging Strike
2-2: Ball
3-2: Foul Ball, location: 2F
3-2: Fly out, F7 (Popup, 7S)
Batting: RHB Ramón Molina 0-0: Called Strike
0-1: Ground out 4-3 (Groundball, 4)
Bottom of the 6th over - 0 run(s), 0 hit(s), 1 error(s), 2 left on base; Jasper 9 - Surrey 3
TOP OF THE 7TH
Jasper Cougars batting - Pitching for Surrey Sinners : LHP Sebastián Cervantes
Pitching: RHP Ernest Ware
Batting: RHB José Maldonado 0-0: Ball
1-0: Ball
2-0: Called Strike
2-1: Ground out 4-3 (Groundball, 4)
Batting: LHB John Stone 0-0: Ball
1-0: Called Strike
1-1: Foul Ball, location: 2F
1-2: Foul Ball, location: 2F
1-2: Ball
2-2: Foul Ball, location: 2F
2-2: Reached on error, E6 (Groundball, 6)
Batting: SHB Rafael Acosta 0-0: Called Strike
0-1: Called Strike
0-2: Ball
1-2: Ball
2-2: Fly out, F8 (Flyball, 8LM)
2-2: Fly out, F8 (Flyball, 8LM)
Batting: RHB José Ortega 0-0: Called Strike
0-1: Ball
1-1: Ball
2-1: Foul Ball, location: 2F
2-2: Ball
3-2: Strikes out swinging
Top of the 7th over - 0 run(s), 0 hit(s), 1 error(s), 1 left on base; Jasper 9 - Surrey 3
BOTTOM OF THE 7TH
Surrey Sinners batting - Pitching for Jasper Cougars : RHP António Peña
Pitching: LHP Robert Williams
Batting: RHB Jesús Lara 0-0: Fly out, F9 (Flyball, 9M)
Batting: RHB Daniel Santiago 0-0: Ball
1-0: Called Strike
1-1: Called Strike
1-2: Strikes out swinging
Batting: RHB Augusto Trevino 0-0: Foul Ball, location: 2F
0-1: Ball
1-1: Ball
2-1: Ball
3-1: Base on Balls
Batting: RHB Clint Younger 0-0: Ball
1-0: Ball
2-0: Ball
3-0: Called Strike
3-1: Base on Balls
Augusto Trevino to second
Batting: RHB Cooper Richard 0-0: Ball
1-0: Ball
2-0: Foul Ball, location: 2F
2-1: Ball
3-1: Foul Ball, location: 2F
3-2: Foul Ball, location: 2F
3-2: Strikes out swinging
Bottom of the 7th over - 0 run(s), 0 hit(s), 0 error(s), 2 left on base; Jasper 9 - Surrey 3
TOP OF THE 8TH
Jasper Cougars batting - Pitching for Surrey Sinners : RHP Ernest Ware
Batting: RHB David Hernández 0-0: Swinging Strike
0-1: Ball
1-1: Called Strike
1-2: Fly out, F3 (Popup, 3DF)
Batting: SHB Ron Edwards 0-0: Fly out, F7 (Flyball, 7M)
Batting: RHB George Reeves 0-0: Ball
1-0: Ground out 5-3 (Groundball, 56S)
Top of the 8th over - 0 run(s), 0 hit(s), 0 error(s), 0 left on base; Jasper 9 - Surrey 3
BOTTOM OF THE 8TH
Surrey Sinners batting - Pitching for Jasper Cougars : LHP Robert Williams
Batting: LHB Buddy Rice 0-0: Called Strike
0-1: Ball
1-1: Ball
2-1: Ball
3-1: Base on Balls
Batting: RHB Félix Castro 0-0: Ball
1-0: Ball
2-0: Called Strike
2-1: Fly out, F8 (Flyball, 8LM)
Batting: RHB Shawn Gutiérrez 0-0: Swinging Strike
0-1: Ball
1-1: Ball
2-1: Ball
3-1: Called Strike
3-2: Base on Balls
Buddy Rice to second
Batting: RHB Ramón Molina Balk!
Buddy Rice to third
Shawn Gutiérrez to second
0-0: Called Strike
0-1: Foul Ball, location: 2F
0-2: Ball
1-2: Foul Ball, location: 2F
1-2: Hit by Pitch
Batting: RHB Jesús Lara 0-0: Ball
1-0: Ball
2-0: Foul Ball, location: 2F
2-1: Ball
3-1: Foul Ball, location: 2F
3-2: TRIPLE (Flyball, 9LD)
Buddy Rice scores
Shawn Gutiérrez scores
Ramón Molina scores
Pitching: LHP Alfredo Maestas
Batting: RHB Daniel Santiago 0-0: Called Strike
0-1: Ball
1-1: Ground out 4-3 (Groundball, 34)
Jesús Lara scores
Batting: RHB Augusto Trevino 0-0: Called Strike
0-1: Ball
1-1: Ball
2-1: Ball
3-1: Swinging Strike
3-2: Foul Ball, location: 2F
3-2: Base on Balls
Batting: RHB Clint Younger 0-0: Ball
1-0: Swinging Strike
1-1: Called Strike
1-2: Foul Ball, location: 2F
1-2: Strikes out swinging
Bottom of the 8th over - 4 run(s), 1 hit(s), 0 error(s), 1 left on base; Jasper 9 - Surrey 7
TOP OF THE 9TH
Jasper Cougars batting - Pitching for Surrey Sinners : RHP Ernest Ware
Pitching: LHP Henry Brown
Batting: LHB Jon Rogers 0-0: Foul Ball, location: 2F
0-1: Foul Ball, location: 2F
0-2: Foul Ball, location: 2F
0-2: Ball
1-2: Foul Ball, location: 2F
1-2: Ball
2-2: Strikes out swinging
Batting: LHB David Adams 0-0: Called Strike
0-1: Called Strike
0-2: Foul Ball, location: 2F
0-2: Strikes out swinging
Batting: RHB José Maldonado 0-0: Ball
1-0: Ball
2-0: Foul Ball, location: 2F
2-1: SINGLE (Line Drive, 89M)
Batting: LHB John Stone 0-0: Ground out 1-3 (Groundball, 13S)
Top of the 9th over - 0 run(s), 1 hit(s), 0 error(s), 1 left on base; Jasper 9 - Surrey 7
BOTTOM OF THE 9TH
Surrey Sinners batting - Pitching for Jasper Cougars : LHP Alfredo Maestas
Pitching: LHP Alberto Guerra
Batting: RHB Cooper Richard 0-0: Foul Ball, location: 2F
0-1: Ball
1-1: Ball
2-1: Foul Ball, location: 2F
2-2: Strikes out swinging
Batting: LHB Buddy Rice 0-0: Ball
1-0: Foul Ball, location: 2F
1-1: Foul Ball, location: 2F
1-2: Ball
2-2: Ball
3-2: Foul Ball, location: 2F
3-2: Foul Ball, location: 2F
3-2: Reached on error, E5 (Groundball, 56S)
Pinch Hitting: RHB Ryan Parrish 0-0: Ball
1-0: Ball
2-0: Ball
3-0: Base on Balls
Batting: RHB Shawn Gutiérrez 0-0: Ball
1-0: Called Strike
1-1: Foul Ball, location: 2F
1-2: Foul Ball, location: 2F
1-2: Foul Ball, location: 2F
1-2: Foul Ball, location: 2F
1-2: Strikes out swinging
Batting: RHB Ramón Molina 0-0: Called Strike
0-1: Ball
1-1: Foul Ball, location: 2F
1-2: Ball
2-2: Foul Ball, location: 2F
2-2: SINGLE (Groundball, 34) (infield hit)
Buddy Rice to third
Ryan Parrish to second
Batting: RHB Jesús Lara 0-0: TRIPLE (Line Drive, 3L)
Buddy Rice scores
Ryan Parrish scores
Ramón Molina scores
Monday, December 5th, 2016 - OOTP Baseball 17.12 Build 75